 Dungeon Crawl Stone Soup version 0.26.1-11-gd32895ea62 (webtiles) character file.

Game seed: 11751193210138385743

168 Dadi the Skirmisher (level 5, 0/35 HPs)
             Began as a Gargoyle Fighter on July 18, 2021.
             Slain by a gnoll
             ... wielding a +0 halberd
              (12 damage)
             ... on level 3 of the Dungeon.
             The game lasted 00:02:25 (2221 turns).

Dadi the Skirmisher (Gargoyle Fighter)              Turns: 2221, Time: 00:02:25

Health: 0/35       AC: 10    Str: 21    XL:     5   Next: 48%
Magic:  5/5        EV:  7    Int:  8    God:
Gold:   119        SH:  9    Dex:  9    Spells: 4/4 levels left

rFire    . . .     SeeInvis .   u - +6 falchion (venom)
rCold    . . .     Faith    .   c - +0 kite shield
rNeg     + . .     Spirit   .   b - +0 scale mail
rPois    ∞         Reflect  .   (no helmet)
rElec    +         Harm     .   (no cloak)
rCorr    .         Rampage  .   (no gloves)
Will     .....                  (no boots)
Stlth    ..........             (no amulet)
HPRegen  0.11/turn              (no ring)
MPRegen  0.09/turn              (no ring)

@: marked
A: negative energy resistance 1, electricity resistance, unbreathing,
petrification resistance, miasma immunity, AC +4
a: no special abilities


You were on level 3 of the Dungeon.
You visited 1 branch of the dungeon, and saw 3 of its levels.

You collected 119 gold pieces.

Inventory:

Hand Weapons
 a - a +0 flail
 u - a +6 falchion of venom (weapon)
Armour
 b - a +0 scale mail (worn)
 c - a +0 kite shield (worn)
 t - a +0 helmet
Scrolls
 f - 2 scrolls of teleportation {unknown}
 i - 3 scrolls of identify {unknown}
 j - 2 scrolls of magic mapping {unknown}
 l - 5 scrolls of fear {unknown}
 o - 3 scrolls of fog {unknown}
 q - a scroll of amnesia {unknown}
 r - 2 scrolls of remove curse {unknown}
Potions
 d - 3 potions of might
 e - a potion of berserk rage {unknown}
 g - a potion of haste {unknown}
 h - a potion of magic {unknown}
 k - a potion of heal wounds {unknown}
 m - a potion of ambrosia {unknown}
 n - 2 potions of curing {unknown}
 p - a potion of attraction {unknown}
 s - a potion of mutation {unknown}


   Skills:
 + Level 5.3 Fighting
 - Level 4.0 Maces & Flails
 - Level 3.2 Armour
 - Level 3.2 Shields


You had 4 spell levels left.
You didn't know any spells.
Your spell library was empty.

Dungeon Overview and Level Annotations

Branches:
Dungeon (3/15)

Altars:
Trog


Innate Abilities, Weirdness & Mutations

You are resistant to torment.
Your stone body is resilient. (AC +4)
You are immune to poison.
You resist negative energy. (rN+)
You are resistant to electric shocks. (rElec)
You can survive without breathing.
You are immune to petrification.
You are immune to miasma.


Message History

You slash the gnoll!
The gnoll is poisoned.
The gnoll is severely wounded.
The gnoll hits you but does no damage. You block the gnoll's attack.
The gnoll hits you but does no damage.
You slash the gnoll!
You kill the gnoll!
The gnoll hits you but does no damage. You block the gnoll's attack.
You hit the gnoll.
The gnoll is poisoned.
The gnoll is moderately wounded.
The gnoll completely misses you.
You riposte.
You slash the gnoll!
The gnoll is almost dead.
The gnoll hits you from afar with a +0 halberd.
You slash the gnoll!
You kill the gnoll!
You block the gnoll's attack.
You hit the gnoll.
The gnoll is poisoned.
The gnoll is moderately wounded.
The gnoll closely misses you.
The gnoll hits you from afar with a +0 halberd!
You die...

##########################
..................P......#
......†.†.P..............#
≈≈≈≈≈≈†≈≈†≈≈≈≈≈≈≈≈≈≈≈....#
≈≈≈≈≈≈≈≈≈≈≈≈≈≈≈≈≈≈≈≈≈....#
≈≈≈≈≈≈≈≈≈≈≈≈≈≈#####≈≈....#
............@.#...#≈≈....#
#############g#.g.#≈≈....#
+...g#'###≈≈....#
#...gg.#.≈≈≈....#
#....###.≈≈≈....# ##g'##
#.≈≈≈....# ....g
#.≈≈≈....# .......
#.≈≈≈..P.# #####''
#.≈≈≈....#


You could see 4 gnolls.

Vanquished Creatures
  Robin (D:2)
  5 gnolls (D:3)
  3 adders
  An ooze (D:1)
  A worm (D:2)
  A dart slug (D:2)
  2 leopard geckos
  An orc (D:3)
  3 giant cockroaches
  12 goblins
  6 hobgoblins
  11 jackals (D:3)
  8 kobolds
  A quokka (D:3)
  A ball python (D:3)
  5 bats
  6 frilled lizards (D:2)
  5 rats
73 creatures vanquished.

Notes
Turn   | Place    | Note
-------+----------+-------------------------------------------
     0 | D:1      | Dadi the Gargoyle Fighter began the quest for the Orb.
     0 | D:1      | Reached XP level 1. HP: 14/14 MP: 1/1
   295 | D:1      | Reached XP level 2. HP: 19/19 MP: 2/2
   772 | D:2      | Reached XP level 3. HP: 24/24 MP: 3/3
   804 | D:2      | Reached skill level 4 in Fighting
  1089 | D:2      | Found a bloodstained altar of Trog.
  1242 | D:2      | Reached XP level 4. HP: 19/30 MP: 4/4
  1514 | D:2      | Noticed Robin
  1529 | D:2      | Killed Robin
  2099 | D:3      | Reached XP level 5. HP: 34/34 MP: 5/5
  2189 | D:3      | Reached skill level 5 in Fighting
  2221 | D:3      | Slain by a gnoll

Illustrated notes

Levels and vault maps discovered:
D:1:      matt_arrival_refuge, layout_basic
D:2:      layout_basic, nicolae_overflow_hidden_temple, uniq_robin
D:3:      lemuel_castle_with_subvaults [lemuel_castle_interior_carwin_2],
          layout_basic

Skill      XL: |  1  2  3  4  5 |
---------------+----------------+-----
Fighting       | 4 5 |  5.3
Maces & Flails | 3 4 |  4.0
Armour         | |  3.2
Shields        | |  3.2

Action                   |  1- 3 |  4- 6 || total
-------------------------+-------+-------++-------
Melee: Flail             |   115 |    38 ||   153
       Falchion          |       |    53 ||    53
Armor: Scale mail        |    77 |    46 ||   123
Dodge: Dodged            |    38 |    23 ||    61
Block: Kite shield       |    62 |    47 ||   109
       Rpst.: Falchion   |       |     5 ||     5
